 Dungeon Crawl Stone Soup version 0.31-a0-675-g238779eb0a (webtiles) character file.

Game seed: 3905812413527291149

418 qw the Shooter (level 6, -6/38 HPs)
             Began as a Gargoyle Hunter on Sept 5, 2023.
             Killed from afar by Dowan (11 damage)
             ... with a puff of flame
             ... on level 4 of the Dungeon.
             The game lasted 00:01:18 (3956 turns).

qw the Shooter (Gargoyle Hunter)                    Turns: 3956, Time: 00:01:19

Health: -6/38      AC:  9    Str: 15    XL:     6   Next: 93%
Magic:  6/6        EV: 11    Int:  9    God:
Gold:   196        SH:  0    Dex: 15    Spells: 5/5 levels left

rFire   . . .        Y - +0 shortbow
rCold   . . .        (shield currently unavailable)
rNeg    + . .        d - +0 ring mail
rPois   inf          (no helmet)
rElec   +            (no cloak)
rCorr   .            (no gloves)
SInv    .            (no boots)
Will    .....        (no amulet)
Stlth   +            (no ring)
HPRegen 0.26/turn    (no ring)
MPRegen 0.10/turn

%: no passive effects
@: no status effects
A: sickness immunity, AC +4, negative energy resistance 1, electricity
resistance, torment resistance 1, petrification resistance
a: no special abilities


You were on level 4 of the Dungeon.
You visited 1 branch of the dungeon, and saw 4 of its levels.

You collected 196 gold pieces.


Innate Abilities, Weirdness & Mutations

You are immune to sickness and miasma.
Your stone body is resilient. (AC +4)
You are immune to poison.
You resist negative energy. (rN+)
You are resistant to electric shocks. (rElec)
You are resistant to unholy torment.
You are immune to petrification.


   Skills:
 - Level 4.0 Fighting
 + Level 7.2 Ranged Weapons
 - Level 1.1 Armour
 - Level 1.5 Dodging
 - Level 1.1 Stealth


You had 5 spell levels left.
You didn't know any spells.
Your spell library was empty.

Inventory:

Hand Weapons
 Y - a +0 shortbow (weapon)
Armour
 d - a +0 ring mail (worn)
Scrolls
 f - a scroll of identify {unknown}
 i - a scroll of immolation {unknown}
Potions
 a - a potion of lignification {unknown}
 b - a potion of brilliance {unknown}
 c - 2 potions of haste {unknown}
 e - a potion of attraction {unknown}
 g - a potion of magic {unknown}
 h - a potion of curing

Dungeon Overview and Level Annotations

Branches:
Dungeon (4/15)
 Temple: D:4-7

Altars:
Hepliaklqana
Yredelemnul

Annotations:
D:2 1 runed translucent door, Crazy Yiuf
D:3 3 runed translucent doors, qw's ghost, amateur MiHs
D:4 Dowan


Message History

You shoot an arrow. The arrow closely misses Dowan.
Dowan zaps a wand.
The puff of flame misses you.
You shoot an arrow. The arrow hits Dowan.
Dowan is moderately wounded.
Dowan zaps a wand.
The puff of flame hits you.
You shoot an arrow. The arrow hits Dowan.
Dowan is moderately wounded.
You shoot an arrow. The arrow hits Dowan!
Dowan is severely wounded.
Dowan zaps a wand.
The puff of flame misses you. Dowan hits you with a +0 dagger.
You shoot an arrow.
The arrow hits Dowan but does no damage.
Dowan is severely wounded.
Dowan casts a spell at you. The shard of ice hits you.
You shoot an arrow. The arrow closely misses Dowan.
Dowan hits you but does no damage. x2
You shoot an arrow.
The arrow hits Dowan but does no damage.
Dowan is severely wounded.
Dowan barely misses you.
Dowan zaps a wand.
The puff of flame misses you.
You shoot an arrow.
The arrow hits Dowan but does no damage.
Dowan is severely wounded.
Dowan misses you.
You shoot an arrow. The arrow hits Dowan.
Dowan is almost dead.
Dowan hits you with a +0 dagger.
Dowan shakes with grief.
Dowan hits you but does no damage.
You shoot an arrow.
The arrow hits Dowan but does no damage.
Dowan is almost dead.
Dowan completely misses you.
Dowan zaps a wand.
The puff of flame misses you.
You shoot an arrow.
The arrow hits Dowan but does no damage.
Dowan is almost dead.
Dowan barely misses you.
Dowan zaps a wand.
The puff of flame hits you!
You die...

##### #.........# #>..#
#.........# #.#.#
#.........# #...##
#.........# ##
#....#####.........######.
###................'....'.
#.###............######.
####.#####)#.....^...# ##
#.....# #@#.........#
#.#.#.# #[e.........#
#.._..# ##..........######
###.### #..........##....
#..# ##.........##....
##.# #.........##....
###.##### #.##########....
#.......# #.# #....
#.......# #.# #####


You could see Dowan (fast).

Vanquished Creatures
  Duvessa (D:4)
  A phantom (D:4)
  A hound (D:4)
  Ijyb (D:3)
  Natasha (twice) (D:2)
  7 adders
  2 worms (D:2)
  3 dart slugs
  9 endoplasms
  A giant cockroach (D:1)
  8 goblins
  3 hobgoblins
  5 jackals
  2 quokkas (D:1)
  10 ball pythons
  3 bats
  7 frilled lizards
  5 kobolds
  5 rats (D:1)
76 creatures vanquished.

Notes
Turn   | Place    | Note
-------+----------+-------------------------------------------
     0 | D:1      | qw the Gargoyle Hunter began the quest for the Orb.
     0 | D:1      | Reached XP level 1. HP: 12/12 MP: 1/1
     0 | D:1      | 0 ||| qw: Version: 0.3-a-75-g829b12e
     0 | D:1      | 0 ||| qw: Game counter: 86
     0 | D:1      | 0 ||| qw: Melee chars always use a shield: true
     0 | D:1      | 0 ||| qw: God list: Okawaru
     0 | D:1      | 0 ||| qw: Allow faded altars: false
     0 | D:1      | 0 ||| qw: Do Orc after clearing Dungeon:15 true
     0 | D:1      | 0 ||| qw: Do second Lair branch before Depths: true
     0 | D:1      | 0 ||| qw: Lair rune preference: random
     0 | D:1      | 0 ||| qw: Goals: Normal
     0 | D:1      | 0 ||| PLANNING D:1-11
    65 | D:1      | Found a faded altar of an unknown god.
   103 | D:1      | Reached XP level 2. HP: 17/17 MP: 2/2
   302 | D:1      | Reached XP level 3. HP: 21/21 MP: 3/3
   372 | D:1      | Reached skill level 5 in Ranged Weapons
   853 | D:1      | 853 ||| UPGRADING to +0 ring mail.
   863 | D:1      | 863 ||| DROPPING +0 leather armour.
   864 | D:1      | 864 ||| READING 2 scrolls labelled LIMIBB JUULIQ.
   965 | D:1      | 965 ||| DROPPING scroll of silence.
   966 | D:1      | 966 ||| DROPPING scroll of butterflies.
  1059 | D:2      | Reached skill level 1 in Armour
  1218 | D:2      | Found a runed translucent door.
  1219 | D:2      | Noticed Crazy Yiuf
  1295 | D:2      | Reached skill level 3 in Fighting
  1295 | D:2      | Reached XP level 4. HP: 27/28 MP: 4/4
  1509 | D:2      | Noticed Natasha
  1512 | D:2      | 1512 ||| Stepping ~*~*~tactically~*~*~ (outnumbered).
  1513 | D:2      | Killed Natasha
  1766 | D:2      | Reached XP level 5. HP: 32/32 MP: 5/5
  1923 | D:2      | Noticed Natasha
  1933 | D:2      | Killed Natasha
  2121 | D:3      | Found a runed translucent gate.
  2121 | D:3      | Found a runed translucent gate.
  2121 | D:3      | Found a runed translucent gate.
  2126 | D:3      | Noticed qw's ghost (amateur MiHs)
  2255 | D:3      | Reached skill level 6 in Ranged Weapons
  2355 | D:3      | Noticed Ijyb
  2394 | D:3      | Killed Ijyb
  2982 | D:3      | 2982 ||| READING scroll labelled WOWEIH CAULATI.
  3084 | D:3      | 3084 ||| DRINKING 2 viscous puce potions.
  3262 | D:4      | Found a hazy altar of Hepliaklqana.
  3459 | D:4      | Noticed Dowan
  3461 | D:4      | Noticed Duvessa
  3469 | D:4      | HP: 8/33 [Duvessa/+1 short sword of flaming (4)]
  3470 | D:4      | 3470 ||| READING scroll of teleportation.
  3472 | D:4      | HP: 3/33 [Duvessa/+1 short sword of flaming (1)]
  3643 | D:4      | Noticed a phantom
  3653 | D:4      | 3653 ||| Stepping ~*~*~tactically~*~*~ (retreating).
  3654 | D:4      | 3654 ||| Stepping ~*~*~tactically~*~*~ (retreating).
  3659 | D:4      | 3659 ||| Stepping ~*~*~tactically~*~*~ (retreating).
  3663 | D:4      | Killed a phantom
  3664 | D:4      | Reached XP level 6. HP: 31/38 MP: 6/6
  3913 | D:4      | Found a basalt altar of Yredelemnul.
  3933 | D:4      | 3933 ||| RETREATING.
  3937 | D:4      | 3937 ||| Stepping ~*~*~tactically~*~*~ (retreating).
  3944 | D:4      | Killed Duvessa
  3945 | D:4      | Reached skill level 7 in Ranged Weapons
  3950 | D:4      | HP: 6/38 [Dowan/shard of ice (6)]
  3956 | D:4      | Killed from afar by Dowan

Levels and vault maps discovered:
D:1:      lightli_arrival_maybe_door_vault, layout_basic, basic_ecumenical_altar
D:2:      layout_loops_ring, uniq_crazy_yiuf_cottage, uniq_natasha
D:3:      minmay_door_path, layout_basic, gammafunk_ghost_necromancy, uniq_ijyb
D:4:      layout_basic, lemuel_crystal_altar, old_standard_altar,
          grunt_ministairs_1, uniq_duvessa

Skill      XL: |  1  2  3  4  5  6 |
---------------+-------------------+-----
Ranged Weapons | 5 6 7 |  7.2
Armour         | 1 |  1.1
Fighting       | 3 4 |  4.0
Dodging        | |  1.5
Stealth        | |  1.1

Action                     |  1- 3 |  4- 6 || total
---------------------------+-------+-------++-------
   Fire: Shortbow          |   125 |   216 ||   341
    Use: Scroll            |     1 |     2 ||     3
         Potion            |       |     1 ||     1
 Armour: Leather armour    |    15 |       ||    15
         Ring mail         |    17 |    99 ||   116
  Dodge: Dodged            |    26 |    78 ||   104

Table legend:
 A = Non-vault XP
 B = Vault XP
 C = Vault XP percentage of total XP
 D = Non-vault monster count
 E = Vault monster count
 F = Vault count percentage of total count
                 A         B        C        D         E       F
            +---------+---------+-------+---------+---------+-------
      Total |     375 |     223 |  37.3 |      68 |       8 |  10.5
            +---------+---------+-------+---------+---------+-------
        D:1 |      53 |       0 |   0.0 |      32 |       0 |   0.0
        D:2 |     113 |      35 |  23.6 |      22 |       1 |   4.3
        D:3 |      21 |      41 |  66.1 |       6 |       4 |  40.0
        D:4 |     188 |     147 |  43.9 |       8 |       3 |  27.3
            +---------+---------+-------+---------+---------+-------
